Description

TEST BUILD.

Generated with CarbonTwelve's Starcraft Fusion.

Build Order

Get SALT Encoding   

  13  0:02  SCV  
  14  0:14  SCV  
  14  0:17  Supply Depot  
  15  0:27  SCV  
  16  0:39  SCV, Barracks  
  16  0:43  Refinery  
  17  0:51  SCV  
  17  0:53  Refinery  
  18  1:04  SCV  
  18  1:06  Action (Move SCVs to Gas)  
  19  1:16  SCV  
  20  1:25  Reaper  
  21  1:28  Action, SCV (Move SCVs to Gas)  
  21  1:33  Supply Depot  
  21  1:48  Factory  
  21  2:02  Command Center  
  21  2:07  Barracks Reactor  
  21  2:21  Orbital Command  
  21  2:34  Starport  
  23  2:43  Marine x2  
  23  2:46  Action, SCV (Call MULE)  
  26  2:52  Widow Mine  
  27  2:59  SCV  
  29  3:01  Marine x2  
  31  3:10  Medivac  
  31  3:15  Orbital Command  
  32  3:17  SCV  
  34  3:20  Marine x2  
Spawning Tool Build Advisor. Get it on Overwolf

Analysis

What we must have by 03:40 is as follows.

Income: 717M 228G. Buildings: 2 Orbital Commands, 2 Refineries, 2 Supply Depots, 1 Barracks (with Reactor), 1 Factory, 1 Starport. Units: 23 SCVs, 1 Reaper, 6 Marines, 1 Widow Mine, 1 Medivac. Research: None.

Go to:

Details

  • Created by: Turir
  • Published on: Apr 26, 2017
  • Modified on: Apr 26, 2017
  • Patch: 3.8.0
Show
View Real Time Build Order
Export as new Build Order

Comments (0)

There are no comments. Be the first!

Create an account to comment!